 Dungeon Crawl Stone Soup version 0.31-a0-214-gb37851dbb3 (webtiles) character file.

Game seed: 2527566943869246285

177 BubbleThief the Insei (level 5, -1/36 HPs)
             Began as an Octopode Transmuter on July 2, 2023.
             Was a Follower of Wu Jian.
             Slain by an orc
             ... wielding a +0 trident
              (5 damage)
             ... on level 4 of the Dungeon.
             The game lasted 00:02:34 (2186 turns).

BubbleThief the Insei (Octopode Transmuter)         Turns: 2186, Time: 00:02:35

Health: -1/36      AC:  1    Str: 11    XL:     5   Next: 57%
Magic:  8/8        EV: 13    Int: 16    God:    Wu Jian [*.....]
Gold:   131        SH:  0    Dex: 12    Spells: 5/8 levels left

rFire   . .          .
                       - Unarmed
rCold   . . .        (no shield)
rNeg    . . .        (helmet currently unavailable)
rPois   .            (no amulet)
rElec   .            (no ring)
rCorr   .            (no ring)
SInv    .            (no ring)
Will    .....        (no ring)
Stlth   ++           (no ring)
HPRegen 0.26/turn    (no ring)
MPRegen 0.11/turn    (no ring)
                     (no ring)

%: no passive effects
@: confused, appendages (expiring)
A: tentacle spike 3, almost no armour, amphibious, 8 rings, camouflage 1,
gelatinous body 1, (nimble swimmer 1), tentacles
a: End Transformation, Renounce Religion


You were on level 4 of the Dungeon.
You worshipped Wu Jian.
Wu Jian was aware of your devotion.
One of your tentacles had grown a beastly spike.
You visited 2 branches of the dungeon, and saw 5 of its levels.

You collected 131 gold pieces.

Inventory:

Wands
 k - a wand of iceblast (13)
Scrolls
 d - 3 scrolls of teleportation {unknown}
 e - 7 scrolls of identify {unknown}
 g - 2 scrolls of fear {unknown}
 h - a scroll of immolation {unknown}
 i - 2 scrolls of noise {unknown}
 j - a scroll of acquirement {unknown}
 l - a scroll of revelation {unknown}
 m - a scroll of enchant armour {unknown}
Potions
 a - a potion of lignification
 b - 2 potions of curing {unknown}
 c - a potion of mutation {unknown}
 f - a potion of haste {unknown}
 n - a potion of heal wounds {unknown}


   Skills:
 + Level 3.1 Fighting
 - Level 2.0 Dodging
 + Level 4.2 Unarmed Combat
 - Level 2.0 Spellcasting
 + Level 3.5 Transmutations


You had 5 spell levels left.
You knew the following spells:

 Your Spells              Type           Power      Damage    Failure   Level
a - Beastly Appendage     Tmut           26%        N/A       4%          1
b - Wereblood             Tmut           13%        N/A       8%          2

Your spell library contained the following spells:

 Spells                   Type           Power      Damage    Failure   Level
 Poisonous Vapours        Pois/Air       2%         N/A       30%         2
 Spider Form              Tmut/Pois      7%         N/A       30%         3
 Mephitic Cloud           Conj/Pois/Air  1%         N/A       52%         3
 Ice Form                 Ice/Tmut       7%         N/A       69%         4
 Freezing Cloud           Conj/Ice/Air   0%         6-21      99%         5


Dungeon Overview and Level Annotations

Branches:
Dungeon (4/15)             Temple (1/1) D:4

Altars:
Gozag
Hepliaklqana
Kikubaaqudgha
Vehumet
Wu Jian

Annotations:
D:3 2 transporters, SirDiesAlot's ghost, amateur OpCj


Innate Abilities, Weirdness & Mutations

One of your tentacles has grown a beastly spike.
You cannot wear most types of armour.
You are amphibious.
You can wear up to eight rings at the same time.
Your skin changes colour to match your surroundings (Stealth+).
Your rubbery body absorbs attacks. (AC +1, EV +1)
((You are camouflaged when in or above water. (Stealth+)))
You have tentacles for arms and can constrict up to eight enemies at once.


Message History

The Council accepts your kill.
You closely miss the orc. You grab the orc.
You pierce the orc.
The orc is moderately wounded.
Your transformation is almost over.
You constrict the orc.
The orc struggles to escape constriction.
You bludgeon the orc!
You kill the orc!
The Council accepts your kill.
You miss something.
Your tentacle spike misses something.
You hear some strange, mumbled words.
A puff of flame appears from out of thin air!
The puff of flame hits you.
You miss something. Your squeeze misses something. You barely miss the orc.
You grab the orc.
Your tentacle spike misses the orc.
You squeeze the orc.
The orc is heavily wounded.
You constrict the orc. Something hits you. The orc hits you with a +0 flail.
You are too injured to fight recklessly!
You are too injured to fight recklessly!
You are too injured to fight recklessly!
You tentacle-slap the orc.
You kill the orc!
The Council accepts your kill.
You can now lightly attack monsters by moving around them.
Something hits you.
You lunge at the orc.
You tentacle-slap the orc. Your grab misses the orc.
Your tentacle spike misses the orc.
You squeeze the orc.
You kill the orc!
The Council accepts your kill. The orc closely misses you.
The orc hits you from afar with a +0 trident.
* * * LOW HITPOINT WARNING * * *
You hear some strange, mumbled words.
You are confused.
Items here: ( ))))) [[ ††††.
You bump into the rock wall.
The orc hits you with a +0 mace.
* * * LOW HITPOINT WARNING * * *
The orc hits you from afar with a +0 trident.
You die...

........#####.>.#####....
....#......#.....#........
....####..#...#...#..##..#
...## ##....###....# ..#
..## ##..#.#.#..## .. ###
##...#...## # ##..#..## #
##..{### ##..@)### #
####o..## ## ###o...## .#
##.......## .##
##.........### ..#
##............#.# ..##
###..............## ...#
##.................# ####
#.........?........#


You could see 2 orcs.

Vanquished Creatures
  A hound (D:4)
  2 jellies (D:4)
  3 adders
  A worm (D:4)
  7 orcs
  4 bats
  5 endoplasms
  3 giant cockroaches
  5 goblins
  7 hobgoblins
  A quokka (D:2)
  3 ball pythons
  A frilled lizard (D:2)
  6 kobolds
  2 rats (D:3)
51 creatures vanquished.

Notes
Turn   | Place    | Note
-------+----------+-------------------------------------------
     0 | D:1      | BubbleThief the Octopode Transmuter began the quest for the
                  | Orb.
     0 | D:1      | Reached XP level 1. HP: 13/13 MP: 3/3
   165 | D:1      | Reached XP level 2. HP: 14/18 MP: 3/5
  1035 | D:2      | Reached XP level 3. HP: 24/24 MP: 4/6
  1233 | D:2      | Found a faded altar of an unknown god.
  1377 | D:2      | Identified the +0 ring mail of Apathy {rC+ Will- rCorr
                  | Stlth+}
  1493 | D:3      | Learned a level 2 spell: Wereblood
  1496 | D:3      | Found a transporter.
  1509 | D:3      | Found a transporter.
  1523 | D:3      | Noticed SirDiesAlot's ghost (amateur OpCj)
  1724 | D:3      | You fall into a shaft and drop 1 floor!
  1724 | D:4      | Found a staircase to the Ecumenical Temple.
  1731 | Temple   | Entered the Ecumenical Temple
  1738 | Temple   | Became a worshipper of the Wu Jian Council
  1842 | D:4      | Reached XP level 4. HP: 30/30 MP: 5/7
  1905 | D:4      | Reached XP level 5. HP: 31/36 MP: 6/8
  1988 | D:4      | Reached skill level 4 in Unarmed Combat
  2184 | D:4      | Reached * piety under Wu Jian
  2186 | D:4      | Slain by an orc

Illustrated notes

Levels and vault maps discovered:
D:1:      nicolae_arrival_memento_mori, layout_loops_ring, minmay_tetromino_s2
D:2:      layout_loops_ring, dreamdust_ecumenical_altar_hidden_monk_grotto,
          fountainhead
D:3:      layout_basic, gammafunk_ghost_stat_death, serial_shops, shop
D:4:      layout_cave_pods, grunt_temple_overflow_open,
          minmay_temple_entry_arrows, serial_bayou, serial_bayou_pond_e,
          serial_bayou_shore_a, serial_bayou_pond_a, serial_bayou_shore_b,
          minmay_misc_feat_alley, nicolae_shop_clearance
Temple:   nicolae_temple_bog_church

Skill      XL: |  1  2  3  4  5 |
---------------+----------------+-----
Fighting       | 2 3 |  3.1
Transmutations | 3 |  3.5
Unarmed Combat | 4 |  4.2
Dodging        | |  2.0
Spellcasting   | |  2.0

Action                     |  1- 3 |  4- 6 || total
---------------------------+-------+-------++-------
  Melee: Unarmed           |    72 |    31 ||   103
         Constrict         |    15 |     8 ||    23
         Tentacles         |    13 |     6 ||    19
         Kick              |    20 |    13 ||    33
         Punch             |     2 |     1 ||     3
   Cast: Beastly Appendage |    25 |     5 ||    30
Ability: Lunge             |     1 |     3 ||     4
   Stab: Sleeping          |     7 |       ||     7
 Armour: Skin              |     9 |     1 ||    10
  Dodge: Dodged            |    48 |    15 ||    63

Table legend: (Time is in decaauts)
 A = Elapsed time spent in this place.
 B = Non-inter-level travel time spent in this place.
 C = Inter-level travel time spent in this place.
 D = Time resting spent in this place.
 E = Time spent auto-exploring this place.
 F = Levels seen in this place.
 G = Mean time per level.
                   A        B        C        D        E       F      G
               +--------+--------+--------+--------+--------+-----+--------+
         Total |   2178 |   2108 |     70 |      0 |   1748 |   5 |  435.6 |
       Dungeon |   2163 |   2099 |     64 |      0 |   1748 |   4 |  540.8 |
        Temple |     14 |      8 |      6 |      0 |      0 |   1 |   14.0 |
               +--------+--------+--------+--------+--------+-----+--------+

Top non-repeatable levels by time:
     D:1: 749 daAuts
     D:2: 695 daAuts
     D:4: 444 daAuts
     D:3: 274 daAuts
  Temple: 14 daAuts
